 Dungeon Crawl Stone Soup version 0.23.2-1-ga50397a6bc (webtiles) character file.

Game seed: 18078258162271553205

22 Banto the Magician (level 2, 0/20 HPs)
             Began as a Demigod Wanderer on Apr 18, 2019.
             Slain by a hobgoblin
             ... wielding a +0 club
              (4 damage)
             ... on level 1 of the Dungeon.
             The game lasted 00:01:29 (999 turns).

Banto the Magician (Demigod Wanderer)                Turns: 999, Time: 00:01:29

Health: 0/20       AC:  2    Str: 15    XL:     2   Next: 51%
Magic:  8/8        EV: 11    Int: 16    God:
Gold:   18         SH:  0    Dex: 15    Spells: 7/7 levels left

rFire    . . .     SeeInvis .   e - +0 mace
rCold    . . .     Gourm    .   (no shield)
rNeg     . . .     Faith    .   d - +0 robe
rPois    .         Spirit   .   (no helmet)
rElec    .         Reflect  .   (no cloak)
rCorr    .         Harm     .   (no gloves)
MR       .....                  (no boots)
Stlth    ++........             (no amulet)
HPRegen  0.06/turn              (no ring)
MPRegen  0.11/turn              (no ring)

@: no status effects
A: high mp 1
a: no special abilities


You were on level 1 of the Dungeon.
You were not hungry.

You visited 1 branch of the dungeon, and saw 1 of its levels.

You collected 18 gold pieces.

Inventory:

Hand Weapons
 a - a +0 club
 e - a +0 mace (weapon)
Armour
 d - a +0 robe (worn)
Scrolls
 b - a scroll of teleportation {unknown}
 c - a scroll of fear {unknown}
Potions
 g - a potion of mutation {unknown}
Comestibles
 f - 3 rations
 h - 4 chunks of flesh


   Skills:
 + Level 1.6 Maces & Flails
 - Level 1.0 Stealth
 - Level 3.0 Spellcasting
   Level 2.6 Charms
   Level 1.0 Summonings
   Level 1.0 Earth Magic
   Level 1.0 Evocations


You had 7 spell levels left.
You didn't know any spells.
Your spell library contained the following spells:

 Spells                   Type           Power        Failure   Level  Hunger
 Infusion                 Chrm           ##..         6%          1    #......
 Song of Slaying          Chrm           ##......     10%         2    ##.....
 Summon Small Mammal      Summ           #...         12%         1    #......
 Shroud of Golubria       Chrm/Tloc      #.........   16%         2    ##.....
 Ensorcelled Hibernation  Hex/Ice        #.....       28%         2    ##.....
 Slow                     Hex            #.......     28%         2    ##.....
 Regeneration             Chrm/Necr      #.........   32%         3    ###....
 Spectral Weapon          Hex/Chrm       #.......     32%         3    ###....
 Call Canine Familiar     Summ           #.......     36%         3    ###....


Dungeon Overview and Level Annotations

Branches:
Dungeon (1/15)


Innate Abilities, Weirdness & Mutations

You have an increased reservoir of magic. (+10% MP)


Message History

A frilled lizard comes into view. x2
The kobold completely misses you. The hobgoblin hits you with a +0 club.
You are too injured to fight recklessly!
You are too injured to fight recklessly!
The frilled lizard hisses angrily. x2
You hit the kobold.
You kill the kobold!
The hobgoblin misses you.
You are too injured to fight recklessly!
You are too injured to fight recklessly!
You are too injured to fight recklessly!
You are too injured to fight recklessly!
You are too injured to fight recklessly!
You hit the hobgoblin but do no damage. The hobgoblin closely misses you.
You barely miss the hobgoblin. The hobgoblin hits you with a +0 club.
* * * LOW HITPOINT WARNING * * *
You hit the hobgoblin.
The hobgoblin is severely wounded.
The hobgoblin hits you with a +0 club.
You die...

.......##...†....#...#.........
.................#...#.....####
...........##....#####.......##
...........##....# #......(##
######.....##....# #.........
#>....##....# ########..
#.....).....# . #..
#.....###'### .. #.. #.....#
#@# ... #..... #.....###g##....
#..... ####...#.l.......
....... ..#.#l........ .......
...#....#...... .......
.......).#..#... ....##
.........#..# .. .#.#.#.... .#
. ...!..####.##


You could see a hobgoblin and 2 frilled lizards.

Vanquished Creatures
  A dart slug (D:1)
  A leopard gecko (D:1)
  2 ball pythons (D:1)
  2 giant cockroaches (D:1)
  3 goblins (D:1)
  2 hobgoblins (D:1)
  2 bats (D:1)
  3 frilled lizards (D:1)
  A kobold (D:1)
  2 rats (D:1)
19 creatures vanquished.

Notes
Turn   | Place    | Note
-------+----------+-------------------------------------------
     0 | D:1      | Banto the Demigod Wanderer began the quest for the Orb.
     0 | D:1      | Banto set off with the following items: a +0 club, a +0
                  | robe, a ration; and the following spells available to
                  | memorise: Infusion, Song of Slaying, Summon Small Mammal,
                  | Shroud of Golubria, Ensorcelled Hibernation, Slow,
                  | Regeneration, Spectral Weapon, Call Canine Familiar
     0 | D:1      | Reached XP level 1. HP: 14/14 MP: 6/6
    75 | D:1      | Reached skill level 3 in Spellcasting
   454 | D:1      | Reached XP level 2. HP: 12/20 MP: 8/8
   599 | D:1      | Reached skill level 1 in Maces & Flails
   999 | D:1      | Slain by a hobgoblin

Skill      XL: |  1  2 |
---------------+-------+-----
Spellcasting   | 3 |  3.0
Maces & Flails | 1 |  1.6
Stealth        | |  1.0
Charms         | |  2.6
Summonings     | |  1.0
Earth Magic    | |  1.0
Evocations     | |  1.0

Action                   || total
-------------------------++-------
Melee: Club              ||    14
       Mace              ||    45
 Stab: Sleeping          ||     2
Armor: Robe              ||    23
Dodge: Dodged            ||    35
